[Event "ICCopen2016"]
[Site "Internet Chess Club"]
[Date "2016.06.03"]
[Round "6"]
[White "Drahacik"]
[Black "boveymvp"]
[Result "1-0"]
[ICCResult "Black resigns"]
[WhiteElo "2106"]
[BlackElo "1635"]
[Opening "Sicilian: Smith-Morra gambit"]
[ECO "B21"]
[NIC "SI.48"]
[Time "19:56:41"]
[TimeControl "180+0"]

1. e4 c5 2. d4 cxd4 3. c3 d5 4. exd5 Qxd5 5. cxd4 Nf6 6. Nc3 Qa5 7. Nf3 Nc6
8. d5 Nb8 9. Bc4 Qc5 10. Bb3 Bf5 11. Be3 Qa5 12. O-O Nbd7 13. Rc1 a6 14. Nd4
Bg6 15. Re1 h5 16. h3 Nc5 17. Qd2 Nxb3 18. Nxb3 Qd8 19. Rcd1 Nd7 20. Bf4 f6
21. Qe3 Bf5 22. Nd4 g6 23. Nxf5 gxf5 24. Qe6 Qb6 25. Qxf5 O-O-O 26. Rc1
{Black resigns}
1-0

[Event "ICCopen2016"]
[Site "Internet Chess Club"]
[Date "2016.06.03"]
[Round "6"]
[White "jcgs1030"]
[Black "Ajolote"]
[Result "1-0"]
[ICCResult "Black checkmated"]
[WhiteElo "1887"]
[BlackElo "1455"]
[Opening "Sicilian: Taimanov variation"]
[ECO "B46"]
[NIC "SI.39"]
[Time "19:55:34"]
[TimeControl "180+0"]

1. e4 c5 2. Nf3 Nc6 3. d4 cxd4 4. Nxd4 e6 5. Nc3 a6 6. g3 Bc5 7. Nb3 Be7 8.
Bg2 Nf6 9. O-O O-O 10. f4 b6 11. e5 Ne8 12. Ne4 Bb7 13. c4 a5 14. Be3 a4 15.
Nbd2 g6 16. Rc1 Ng7 17. Nf3 Nf5 18. Bf2 Na5 19. Nd4 Nxd4 20. Qxd4 Nc6 21.
Qxb6 Qxb6 22. Bxb6 Rab8 23. Rfd1 Ba6 24. c5 Bd8 25. Bxd8 Rfxd8 26. Nf6+ Kg7
27. Rxd7 Rxd7 28. Nxd7 Rxb2 29. Bxc6 Rxa2 30. Nf6 a3 31. Rd1 Rb2 32. g4 a2
33. Be4 Rb5 34. c6 Ra5 35. Ra1 Ra4 36. c7 Bc8 37. g5 Ra3 38. Kf2 Ra4 39. h4
Ra3 40. h5 Ra4 41. h6+ Kh8 42. Rd1 a1=Q 43. Rd8# {Black checkmated} 1-0

[Event "ICCopen2016"]
[Site "Internet Chess Club"]
[Date "2016.06.03"]
[Round "6"]
[White "Nightlife"]
[Black "waynehatcher"]
[Result "1-0"]
[ICCResult "Black resigns"]
[WhiteElo "1844"]
[BlackElo "1570"]
[Opening "Pirc: classical, h3 system"]
[ECO "B07"]
[NIC "PU.07"]
[Time "19:56:04"]
[TimeControl "180+0"]

1. e4 d6 2. d4 Nf6 3. Nc3 g6 4. h3 Bg7 5. Nf3 O-O 6. Be3 b6 7. Qd2 Re8 8.
Bd3 Nc6 9. Bb5 Bd7 10. d5 Nb8 11. Bxd7 Nbxd7 12. O-O Rf8 13. Bh6 Ne5 14.
Nxe5 dxe5 15. Bxg7 Kxg7 16. Qg5 Nd7 17. f4 f6 18. Qh4 h6 19. f5 g5 20. Qh5
Qe8 21. Qe2 a6 22. Rad1 Qf7 23. g4 Rh8 24. Kg2 h5 25. d6 exd6 26. Nd5 Nc5
27. b4 Na4 28. Qc4 c5 29. bxc5 Nxc5 30. Nxb6 Qxc4 31. Nxc4 Nxe4 32. Kf3 Nc5
33. Rxd6 Rhd8 34. Rfd1 Nb7 35. Rxd8 Rxd8 36. Rxd8 Nxd8 37. Ke4 hxg4 38. hxg4
Kf7 39. Nd6+ Ke7 40. Nc4 Kd7 41. Ne3 Kc6 42. Nd5 Nb7 43. Nxf6 Nc5+ 44. Ke3
Kd6 45. Ne4+ Nxe4 46. Kxe4 a5 47. a4 {Black resigns} 1-0

[Event "ICCopen2016"]
[Site "Internet Chess Club"]
[Date "2016.06.03"]
[Round "6"]
[White "TRADE"]
[Black "welo1969"]
[Result "1-0"]
[ICCResult "Black forfeits on time"]
[WhiteElo "2737"]
[BlackElo "1388"]
[Opening "Sicilian defense"]
[ECO "B40"]
[NIC "SI.43"]
[Time "19:55:51"]
[TimeControl "180+0"]

1. e4 c5 2. Nf3 e6 3. Nc3 Nc6 4. g3 Nf6 5. Bg2 d5 6. exd5 Nxd5 7. O-O Nxc3
8. dxc3 Be7 9. Bf4 O-O 10. Ne5 Nxe5 11. Bxe5 Qb6 12. b3 f6 13. Bf4 e5 14.
Bd5+ Be6 15. Be3 Rad8 16. c4 Rd7 17. Qf3 Bxd5 18. cxd5 Bd6 19. c4 f5 20.
Rfe1 e4 21. Qh5 Qd8 22. Bg5 Qe8 23. Qxe8 Rxe8 24. Kg2 Be5 25. Rad1 Bd4 26.
f3 exf3+ 27. Kxf3 Rxe1 28. Rxe1 Kf7 29. Re6 h6 30. Bd2 b5 31. cxb5 Rxd5 32.
Ra6 Rd7 33. h4 Rb7 34. a4 Bf6 35. h5 Bd8 36. Be3 Be7 37. Rc6 Rd7 38. Ke2 Bg5
39. Bxg5 hxg5 40. Rxc5 Kf6 41. Ke3 Re7+ 42. Kf3 g4+ 43. Kf2 Kg5 44. a5 Rb7
45. b6 axb6 46. Rb5 Kxh5 47. a6 Ra7 48. Rxb6 g5 49. b4 f4 50. b5 Rd7 51. Re6
Rd2+ 52. Re2 Rd3 53. b6 fxg3+ 54. Kg2 Kh4 55. b7 Rb3 56. a7 Rxb7 57. a8=Q
Rh7 58. Qe4 Rf7 59. Qg6 {Black forfeits on time} 1-0

[Event "ICCopen2016"]
[Site "Internet Chess Club"]
[Date "2016.06.03"]
[Round "6"]
[White "BitsofKoin"]
[Black "Harmonie"]
[Result "0-1"]
[ICCResult "White resigns"]
[WhiteElo "2320"]
[BlackElo "3114"]
[Opening "Queen's pawn: Torre attack"]
[ECO "A40"]
[NIC "QP.04"]
[Time "19:55:50"]
[TimeControl "180+0"]

1. d4 e6 2. Nf3 Nf6 3. Bg5 d5 4. e3 c5 5. c3 Bd6 6. Nbd2 h6 7. Bh4 Nbd7 8.
Bd3 O-O 9. O-O b6 10. Qe2 Bb7 11. Rad1 Qc7 12. Rfe1 Rac8 13. Ba6 Rfe8 14.
Bg3 Bxg3 15. hxg3 g6 16. Bxb7 Qxb7 17. e4 dxe4 18. Nxe4 Nxe4 19. Qxe4 Qxe4
20. Rxe4 Nf6 21. Ree1 cxd4 22. Rxd4 Red8 23. Red1 Rd5 24. c4 Rxc4 25. Rxc4
Rxd1+ 26. Kh2 b5 27. Rf4 Kg7 28. g4 g5 29. Rb4 a6 30. a4 Nd5 31. Re4 b4 32.
Rc4 Ra1 33. b3 Rb1 34. Nd4 Rd1 35. Nc6 Rd2 36. Kg1 a5 37. Nxa5 Rb2 38. g3
Kf6 39. Rc8 Ke5 40. Rh8 Ke4 41. Nc4 Rb1+ 42. Kg2 Kd4 43. Rxh6 Rxb3 44. Nd2
Ra3 45. Nf3+ Kc3 46. Nxg5 b3 47. Rh1 b2 48. Ne4+ Kc2 49. Nd6 Ra1 50. Nc4
Rxh1 51. Nxb2 Ra1 52. Nc4 Rxa4 53. Nd6 Ra7 54. f4 Kd3 55. Kh3 Ne3 56. g5 Nf5
57. Nb5 Rb7 58. Na3 Rb3 {White resigns} 0-1

[Event "ICCopen2016"]
[Site "Internet Chess Club"]
[Date "2016.06.03"]
[Round "6"]
[White "UltimateR3cruit"]
[Black "senya"]
[Result "1-0"]
[ICCResult "Black forfeits on time"]
[WhiteElo "1482"]
[BlackElo "1097"]
[Opening "Caro-Kann: Hillbilly attack"]
[ECO "B10"]
[NIC "CK.01"]
[Time "19:55:55"]
[TimeControl "180+0"]

1. e4 c6 2. Bc4 e6 3. Bb3 d5 4. d4 dxe4 5. f3 exf3 6. Nxf3 Be7 7. O-O Nd7 8.
Be3 Ngf6 9. Nc3 O-O 10. Qd2 b6 11. Rad1 Bb7 12. Qf2 Bd6 13. Ne5 Qe7 14. Bf4
c5 15. Nxd7 Nxd7 16. Bxd6 Qxd6 17. d5 e5 18. Ne4 Qg6 19. Rfe1 Kh8 20. Rd3 f5
21. Rg3 Qh6 22. Ng5 Rf6 23. Ne6 Rxe6 24. dxe6 Nf6 25. Qxf5 Re8 26. Rh3 Qf4
27. Qxe5 Qxe5 28. Rxe5 h6 29. a4 Re7 30. c3 Ng4 31. Re2 {Black forfeits on
time} 1-0

[Event "ICCopen2016"]
[Site "Internet Chess Club"]
[Date "2016.06.03"]
[Round "6"]
[White "DoctorWho"]
[Black "alphajet26"]
[Result "1-0"]
[ICCResult "Black checkmated"]
[WhiteElo "2037"]
[BlackElo "1640"]
[Opening "QGD Slav: 4.Nc3"]
[ECO "D15"]
[NIC "SL.03"]
[Time "19:56:01"]
[TimeControl "180+0"]

1. d4 d5 2. c4 c6 3. Nc3 Nf6 4. Nf3 Bg4 5. Ne5 e6 6. Nxg4 Nxg4 7. h3 Qh4 8.
g3 Qh5 9. e4 Nf6 10. Qxh5 Nxh5 11. cxd5 cxd5 12. exd5 exd5 13. Bg2 Nc6 14.
O-O O-O-O 15. Nxd5 Nxd4 16. Be3 Nc6 17. Rac1 Kb8 18. g4 Nf6 19. Nxf6 gxf6
20. Rfd1 Rxd1+ 21. Rxd1 Kc7 22. Bf4+ Kc8 23. Rc1 Kd7 24. Rd1+ Kc8 25. Bd5 h5
26. Bxf7 b6 27. Be6+ Kb7 28. Bd5 Bc5 29. a3 Rc8 30. b4 Bf8 31. Bf3 hxg4 32.
hxg4 Rd8 33. Rxd8 Be7 34. Rd7+ Ka6 35. Bxc6 Bf8 36. b5+ Ka5 37. Rxa7#
{Black checkmated}
1-0

[Event "ICCopen2016"]
[Site "Internet Chess Club"]
[Date "2016.06.03"]
[Round "6"]
[White "Kiketf"]
[Black "TrendFriend"]
[Result "1/2-1/2"]
[ICCResult "Black ran out of time and White has no material to mate"]
[WhiteElo "2544"]
[BlackElo "2470"]
[Opening "Old Benoni defense"]
[ECO "A44"]
[NIC "OI.09"]
[Time "19:55:24"]
[TimeControl "180+0"]

1. d4 c5 2. d5 e5 3. dxe6 fxe6 4. e4 d5 5. exd5 exd5 6. Nf3 Nc6 7. Bb5 Qa5+
8. Nc3 d4 9. O-O dxc3 10. Qe2+ Be7 11. Re1 Bg4 12. Bg5 Qc7 13. bxc3 Nf6 14.
Bxf6 gxf6 15. Qe4 Bxf3 16. Qxf3 O-O-O 17. Bxc6 bxc6 18. Rab1 Rd5 19. c4 Re5
20. Qh3+ Qd7 21. Qb3 Rxe1+ 22. Rxe1 Rd8 23. h4 Bd6 24. Rb1 Qg7 25. g3 Bc7
26. Qa4 Bxg3 27. Qxc6+ Bc7+ 28. Kf1 Qg4 29. Qb7+ Kd7 30. Qd5+ Ke8 31. Re1+
Kf8 32. Qxc5+ Bd6 33. Qxa7 Qh3+ 34. Ke2 Re8+ 35. Qe3 Rxe3+ 36. fxe3 Qg2+ 37.
Kd3 Be5 38. a4 Qc6 39. Rb1 Qxa4 40. Rb5 Qa3+ 41. Rb3 Qc1 42. h5 Kf7 43. Rb7+
Ke6 44. Rb6+ Kf5 45. c5 Qd1+ 46. Kc4 Qxc2+ 47. Kb5 Qb3+ 48. Kc6 Qe6+ 49. Kb5
Qd5 50. Ra6 Qd3+ 51. Kb6 Qxe3 52. Ra7 Bd4 53. Rc7 Bxc5+ 54. Kb5 Qd4 55. Rxh7
Qb4+ 56. Kc6 Bd6 57. Rd7 Qc5+ 58. Kb7 Qb5+ 59. Kc8 Qxd7+ 60. Kxd7 Kg5 61. h6
Kxh6 62. Kxd6 Kg5 63. Kd5 f5 64. Kd4 Kg4 65. Kd3
{Black ran out of time and White has no material to mate}
1/2-1/2

[Event "ICCopen2016"]
[Site "Internet Chess Club"]
[Date "2016.06.03"]
[Round "6"]
[White "Kandor"]
[Black "Cramagica"]
[Result "1-0"]
[ICCResult "Black forfeits on time"]
[WhiteElo "1122"]
[BlackElo "1189"]
[Opening "KP: Indian opening"]
[ECO "C20"]
[NIC "KP.10"]
[Time "19:56:15"]
[TimeControl "180+0"]

1. e4 e5 2. d3 f5 3. Nd2 Nf6 4. g3 Bb4 5. c3 Ba5 6. Bg2 c6 7. Ngf3 O-O 8.
O-O d5 9. h3 fxe4 10. dxe4 dxe4 11. Nxe5 e3 12. fxe3 Nbd7 13. Nec4 Bc7 14.
Qe2 Bxg3 15. Qf3 Qc7 16. Rd1 b5 17. Na3 Bh2+ 18. Kf2 Ne5 19. Qe2 Nc4 20.
Naxc4 Qg3+ 21. Kf1 Ne4+ 22. Nf3 bxc4 23. Rd4 Ng5 24. Qe1 Nxf3 25. Qxg3 Bxg3
26. Bxf3 Rxf3+ 27. Kg2 Rf8 28. Kxg3 c5 29. Rxc4 Bb7 30. Rxc5
{Black forfeits on time}
1-0

[Event "ICCopen2016"]
[Site "Internet Chess Club"]
[Date "2016.06.03"]
[Round "6"]
[White "Tresor77"]
[Black "Krister"]
[Result "1-0"]
[ICCResult "Black checkmated"]
[WhiteElo "1427"]
[BlackElo "1791"]
[Opening "Sicilian: Najdorf, Polugayevsky variation"]
[ECO "B96"]
[NIC "SI.07"]
[Time "19:56:27"]
[TimeControl "180+0"]

1. e4 c5 2. Nf3 d6 3. d4 cxd4 4. Nxd4 Nf6 5. Nc3 a6 6. Bg5 e6 7. f4 b5 8.
Qe2 Be7 9. O-O-O O-O 10. g4 Bb7 11. Bxf6 Bxf6 12. g5 Bxd4 13. Rxd4 Qb6 14.
Rd1 b4 15. Na4 Qa5 16. b3 Rd8 17. h4 d5 18. Bg2 d4 19. f5 e5 20. h5 Nd7 21.
g6 Nb6 22. gxh7+ Kh8 23. h6 Nxa4 24. bxa4 Qxa4 25. hxg7+ Kxg7 26. Qg4+ Kh8
27. Kb1 Rac8 28. Qg5 Qxc2+ 29. Ka1 Qc3+ 30. Kb1 Qc2+ 31. Ka1 Qc3+ 32. Kb1
Rd6 33. Rc1 Qd3+ 34. Ka1 Rxc1+ 35. Rxc1 Kxh7 36. Rh1+ Rh6 37. Rxh6#
{Black checkmated}
1-0

[Event "ICCopen2016"]
[Site "Internet Chess Club"]
[Date "2016.06.03"]
[Round "6"]
[White "Arostos"]
[Black "iphantom"]
[Result "1-0"]
[ICCResult "Black checkmated"]
[WhiteElo "1909"]
[BlackElo "1559"]
[Opening "Queen's pawn: English defense"]
[ECO "A40"]
[NIC "QO.17"]
[Time "19:56:18"]
[TimeControl "180+0"]

1. d4 b6 2. Nf3 Bb7 3. Bf4 c6 4. e4 d6 5. Nbd2 Nd7 6. Bd3 Qc7 7. O-O e5 8.
Bg3 h6 9. c3 Ngf6 10. a4 Be7 11. h3 O-O 12. a5 Rfd8 13. a6 Bc8 14. Qb3 Re8
15. Bc4 Rf8 16. Rfe1 b5 17. Bd3 Re8 18. Nf1 Rb8 19. Ne3 g6 20. Qc2 Kg7 21.
Qd2 Bf8 22. d5 cxd5 23. Nxd5 Nxd5 24. exd5 Nc5 25. Bc2 f5 26. b4 Nd7 27. Bb3
Nb6 28. Rec1 f4 29. Bh2 Bf5 30. c4 bxc4 31. Bc2 Bd7 32. Nh4 e4 33. Bxf4 g5
34. Bxg5 hxg5 35. Qxg5+ Kh8 36. Ng6+ Kg7 37. Ra3 Kf7 38. f3 Bg7 39. fxe4 Bf6
40. Rf1 Qd8 41. Raf3 Rg8 42. Rxf6+ Ke8 43. Rf8+ Rxf8 44. Rxf8#
{Black checkmated}
1-0

[Event "ICCopen2016"]
[Site "Internet Chess Club"]
[Date "2016.06.03"]
[Round "6"]
[White "Creedence"]
[Black "Joshdaruca"]
[Result "0-1"]
[ICCResult "White checkmated"]
[WhiteElo "3117"]
[BlackElo "2754"]
[Opening "Nimzo-Indian: three knights variation"]
[ECO "E21"]
[NIC "NI.26"]
[Time "19:56:07"]
[TimeControl "180+0"]

1. d4 Nf6 2. c4 e6 3. Nc3 Bb4 4. Nf3 b6 5. Bd2 Bb7 6. g3 O-O 7. Bg2 c5 8.
dxc5 bxc5 9. O-O Nc6 10. a3 Bxc3 11. Bxc3 Ne4 12. Rc1 Rb8 13. Qd3 Nxc3 14.
Qxc3 Qc7 15. Rfd1 Rfd8 16. Rd2 d6 17. Rcd1 h6 18. h4 Na5 19. Rd3 Ba6 20. Nd2
d5 21. b3 d4 22. Qc2 Nc6 23. Nf3 e5 24. Nd2 f5 25. e4 f4 26. Bh3 Bc8 27.
Bxc8 Qxc8 28. Kg2 Rf8 29. Rh1 Rb7 30. Qd1 Rbf7 31. Rf1 Rf6 32. h5 Nd8 33.
Nf3 fxg3 34. fxg3 Qg4 35. Qe2 Ne6 36. Kh2 Ng5 37. Kg2 Qh3+ 38. Kf2 Nxf3 39.
g4 Qh2# {White checkmated} 0-1

[Event "ICCopen2016"]
[Site "Internet Chess Club"]
[Date "2016.06.03"]
[Round "6"]
[White "livis"]
[Black "YKQ"]
[Result "0-1"]
[ICCResult "White resigns"]
[WhiteElo "2003"]
[BlackElo "2585"]
[Opening "Center game"]
[ECO "C21"]
[NIC "KP.04"]
[Time "19:56:52"]
[TimeControl "180+0"]

1. e4 e5 2. d4 exd4 3. Bd3 Nc6 4. f4 Bb4+ 5. Nd2 d6 6. Nf3 Nf6 7. O-O O-O 8.
a3 Bxd2 9. Bxd2 d5 10. e5 Ne4 11. Qe2 Bf5 12. Rae1 Qd7 13. Bc1 h6 14. h3
Rae8 15. Kh2 Bh7 16. g4 f6 17. exf6 Nxf6 18. Bxh7+ Kxh7 19. Qd3+ Ne4 20. g5
Qf5 21. Rg1 hxg5 22. Nxg5+ Nxg5 23. Qxf5+ Rxf5 24. fxg5 Rf2+ 25. Kg3 Ref8
26. h4 Rxc2 27. h5 d3 28. g6+ Kg8 29. Rg2 Nd4 30. Rxc2 dxc2 31. h6 gxh6 32.
Bxh6 Nf5+ 33. Kg4 Nxh6+ 34. Kg5 Nf5 35. Rc1 Ne3 36. Kh6 d4 37. g7 Rf6+ 38.
Kg5 Kxg7 {White resigns} 0-1

[Event "ICCopen2016"]
[Site "Internet Chess Club"]
[Date "2016.06.03"]
[Round "6"]
[White "Tyrel"]
[Black "oskarito"]
[Result "0-1"]
[ICCResult "White resigns"]
[WhiteElo "1962"]
[BlackElo "2525"]
[Opening "Queen's pawn game"]
[ECO "A45"]
[NIC "QP.07"]
[Time "19:56:48"]
[TimeControl "180+0"]

1. d4 Nf6 2. e3 g6 3. Bd3 Bg7 4. f4 O-O 5. f5 d5 6. fxg6 hxg6 7. Nf3 c5 8.
c3 Nc6 9. O-O Ne4 10. Bxe4 dxe4 11. Ng5 Qd5 12. Nh3 Bxh3 13. gxh3 Rad8 14.
Qg4 f5 15. Qxg6 Rd6 16. Qh5 Rh6 17. Qe2 Rg6+ 18. Kh1 f4 19. exf4 cxd4 20.
cxd4 Nxd4 21. Qe3 Nc2 22. Qb3 Qxb3 23. axb3 Nxa1 24. Be3 Nxb3 25. Nc3 Bxc3
26. bxc3 Rc6 27. Bxa7 Rxc3 28. Rg1+ Kf7 29. f5 Rg8 30. Rb1 e3 31. h4 e2 32.
Re1 Rc1 33. Rxc1 Nxc1 34. Bf2 Nd3 35. Bg3 Rxg3 36. hxg3 e1=Q+ 37. Kh2 Qf2+
38. Kh3 Qxf5+ 39. Kg2 Qe4+ 40. Kh3 Nf4+ 41. Kg4 Ne2+ 42. Kh3 Nxg3 43. Kxg3
Qxh4+ 44. Kxh4 Kf6 45. Kg3 Ke5 46. Kf3 Kd5 47. Ke3 e6 48. Kd3 b6 49. Kc3 e5
50. Kd3 Kc5 51. Ke3 Kd6 52. Kd3 Ke6 53. Ke4 Kd6 54. Ke3 b5 55. Ke4 Ke6 56.
Kd3 Kd5 57. Kc3 Kc5 58. Kd3 b4 59. Kc2 Kc4 60. Kd2 b3 61. Kc1 Kb4 62. Kb2
Kc4 63. Kb1 Kc3 64. Kc1 b2+ 65. Kb1 e4 66. Ka2 Kc2 67. Ka3 b1=Q 68. Ka4 e3
69. Ka5 e2 70. Ka4 e1=Q {White resigns} 0-1

[Event "ICCopen2016"]
[Site "Internet Chess Club"]
[Date "2016.06.03"]
[Round "6"]
[White "DetectiveStark"]
[Black "BlitzFreakay"]
[Result "1-0"]
[ICCResult "Black checkmated"]
[WhiteElo "2460"]
[BlackElo "2056"]
[Opening "Réti: King's Indian attack"]
[ECO "A05"]
[NIC "QP.11"]
[Time "19:56:37"]
[TimeControl "180+0"]

1. Nf3 Nf6 2. g3 g6 3. Bg2 Bg7 4. O-O O-O 5. d3 d6 6. e4 c6 7. Nbd2 e5 8. a4
h6 9. a5 Be6 10. Re1 Nbd7 11. Nc4 Qc7 12. b3 d5 13. exd5 cxd5 14. Ncxe5 Nxe5
15. Nxe5 Ng4 16. Nxg4 Bxa1 17. Nxh6+ Kh8 18. Bf4 Qc3 19. Qxa1 Qxa1 20. Rxa1
Kg7 21. c4 dxc4 22. dxc4 Rh8 23. Bxb7 Rad8 24. a6 Rxh6 25. Bxh6+ Kxh6 26. h4
Rd3 27. Rb1 Bf5 28. Rb2 Rd1+ 29. Kg2 Bd3 30. c5 g5 31. hxg5+ Kxg5 32. b4 f5
33. b5 Bf1+ 34. Kh2 Rd7 35. b6 Rh7+ 36. Kg1 Bc4 37. bxa7 Bd5 38. Bxd5 Rxa7
39. Bb7 Kg4 40. c6 f4 41. Rb4 Kh3 42. gxf4 Kg4 43. f5+ Kh3 44. Rb3+ Kg4 45.
f6 Kg5 46. f7 Rxa6 47. Bxa6 Kg6 48. f8=Q Kg5 49. Rg3+ Kh4 50. Qh8#
{Black checkmated}
1-0

[Event "ICCopen2016"]
[Site "Internet Chess Club"]
[Date "2016.06.03"]
[Round "6"]
[White "chessrex"]
[Black "huntos"]
[Result "1-0"]
[ICCResult "Black forfeits on time"]
[WhiteElo "1889"]
[BlackElo "1588"]
[Opening "French: Burn variation"]
[ECO "D00"]
[NIC "QP.08"]
[Time "19:56:04"]
[TimeControl "180+0"]

1. d4 d5 2. e4 dxe4 3. Nc3 Nf6 4. Bg5 e6 5. f3 exf3 6. Nxf3 Nbd7 7. Bd3 Be7
8. O-O c5 9. Bxf6 Bxf6 10. d5 Nb6 11. Bb5+ Bd7 12. dxe6 Bxb5 13. exf7+ Kxf7
14. Ne5+ Ke7 15. Qh5 Qd4+ 16. Kh1 Bxf1 17. Qf7+ Kd6 18. Rd1 Qxd1 19. Nxd1
Kxe5 20. Qxb7 Rhd8 21. Ne3 Bb5 22. Qc7+ Rd6 23. Qxc5+ Ke6 24. Qxb5 Rad8 25.
h3 Bd4 26. Qf5+ Ke7 27. Qe4+ Kf8 28. Nf5 Re8 29. Qf3 Rf6 30. Qa3+ Kg8 31.
Nxd4 Re1+ 32. Kh2 Re7 33. Qb3+ Ref7 34. a4 h6 35. a5 Nd7 36. Ne6 Kh7 37. Nd4
Re7 38. Nf3 Ne5 39. Nxe5 Rxe5 40. Qc3 {Black forfeits on time} 1-0

[Event "ICCopen2016"]
[Site "Internet Chess Club"]
[Date "2016.06.03"]
[Round "6"]
[White "carpenter"]
[Black "fito"]
[Result "1-0"]
[ICCResult "Black resigns"]
[WhiteElo "2222"]
[BlackElo "2280"]
[Opening "Sicilian: Boleslavsky variation, 7.Nb3"]
[ECO "B59"]
[NIC "SI.25"]
[Time "19:56:07"]
[TimeControl "180+0"]

1. e4 c5 2. Nf3 d6 3. d4 cxd4 4. Nxd4 Nf6 5. Nc3 Nc6 6. Be2 e5 7. Nb3 Be6 8.
Bf3 Be7 9. g4 O-O 10. h4 a5 11. g5 Nd7 12. a3 a4 13. Nd2 Nd4 14. Nf1 Nc5 15.
Be3 Nxf3+ 16. Qxf3 Qb6 17. O-O-O Qb5 18. Nxb5 Rfc8 19. Kb1 Rc6 20. Bxc5 Rxc5
21. Nc3 b5 22. Nd5 Bf8 23. c3 Rc4 24. Nfe3 Rc5 25. h5 Re8 26. Rhg1 Rcc8 27.
Nf5 Red8 28. Nf6+ Kh8 29. Nd5 Rd7 30. g6 h6 31. Nxh6 gxh6 32. g7+ Bxg7 33.
Rxg7 Kxg7 34. Qf6+ Kh7 35. Rg1 Rg8 36. Rxg8 Kxg8 37. Qxh6 Bxd5 38. exd5 Rd8
39. Qf6 Re8 40. h6 {Black resigns} 1-0

[Event "ICCopen2016"]
[Site "Internet Chess Club"]
[Date "2016.06.03"]
[Round "6"]
[White "jps7"]
[Black "franco"]
[Result "1-0"]
[ICCResult "Black forfeits on time"]
[WhiteElo "1516"]
[BlackElo "1145"]
[Opening "Queen's pawn game"]
[ECO "D02"]
[NIC "QP.08"]
[Time "19:55:36"]
[TimeControl "180+0"]

1. d4 d5 2. Nf3 c6 3. e3 Bf5 4. Bd3 Bg6 5. O-O e6 6. Ne5 Nf6 7. Nxg6 hxg6 8.
h3 Ne4 9. Nd2 Qh4 10. Nf3 Qh5 11. Bxe4 dxe4 12. Nh2 f5 13. Qe1 Bd6 14. Qa5
f4 15. Qc3 f3 16. Qb3 O-O 17. Qxe6+ Kh8 18. Ng4 Bc7 19. Ne5 Bxe5 20. dxe5
Na6 21. Kh2 Rae8 22. Qd7 Rd8 23. Qxb7 Nc5 24. Qxc6 Nd7 25. e6 Nf6 26. e7
Rfe8 27. exd8=Q Rxd8 28. Qc7 Rf8 29. Qg3 fxg2 30. Qxg2 g5 31. Rg1 g4 32. Kg3
g5 33. Rh1 Qh4+ 34. Kh2 gxh3 35. Qg3 Qxg3+ 36. Kxg3 g4 37. Bd2 Kg7 38. Bc3
Kg6 39. Bxf6 Rxf6 40. Kxg4 Rxf2 41. Rxh3 Rxc2 42. Rg1 Kf6 43. Kf4
{Black forfeits on time}
1-0

[Event "ICCopen2016"]
[Site "Internet Chess Club"]
[Date "2016.06.03"]
[Round "6"]
[White "stoptryharding"]
[Black "SPARNALIQ"]
[Result "1-0"]
[ICCResult "Black checkmated"]
[WhiteElo "2352"]
[BlackElo "2860"]
[Opening "St. George (Baker) defense"]
[ECO "B00"]
[NIC "VO.17"]
[Time "19:56:18"]
[TimeControl "180+0"]

1. e4 a6 2. d4 b5 3. Nf3 Bb7 4. Bd3 e6 5. O-O Nf6 6. Re1 Be7 7. c3 d5 8. e5
Nfd7 9. h4 c5 10. Ng5 Nc6 11. Qf3 Bxg5 12. Bxg5 Qb6 13. dxc5 Qxc5 14. Qg3 h6
15. Bf4 O-O-O 16. a4 b4 17. Nd2 g5 18. Be3 Qe7 19. Nf3 gxh4 20. Qf4 Rdg8 21.
cxb4 h5 22. b5 Nb4 23. Rac1+ Kb8 24. Qd4 Nc5 25. Rxc5 Rg4 26. Qc3 h3 27. g3
d4 28. Qxb4 Qd8 29. bxa6 Qd7 30. Nxd4 h2+ 31. Kxh2 h4 32. Qxb7+ Qxb7 33.
axb7 hxg3+ 34. Kg2 gxf2+ 35. Kxf2 Kxb7 36. Nf3 Rb4 37. Rec1 Rxb2+ 38. Be2
Rd8 39. Rb5+ Rxb5 40. axb5 Rd5 41. Ng5 Rxe5 42. Bf3+ Kb8 43. Bf4 f6 44. b6
fxg5 45. Bxe5# {Black checkmated} 1-0

[Event "ICCopen2016"]
[Site "Internet Chess Club"]
[Date "2016.06.03"]
[Round "6"]
[White "leonardoalmeida"]
[Black "Nostradamus"]
[Result "0-1"]
[ICCResult "White resigns"]
[WhiteElo "1863"]
[BlackElo "2470"]
[Opening "Van't Kruijs opening"]
[ECO "A00"]
[Time "19:56:22"]
[TimeControl "180+0"]

1. e3 Nc6 2. b3 e5 3. Bb2 d6 4. Nf3 Nf6 5. Be2 Be7 6. a3 O-O 7. d4 e4 8.
Nfd2 Bf5 9. c4 a6 10. Nc3 Bg6 11. O-O Re8 12. b4 Bf8 13. Rc1 d5 14. cxd5
Nxd5 15. Nxd5 Qxd5 16. Bc4 Qg5 17. Be2 Bd6 18. Nc4 Rad8 19. Nxd6 Rxd6 20.
Rc5 Rd5 21. Qc2 Rxc5 22. dxc5 Ne5 23. Bxe5 Qxe5 24. Rd1 h5 25. h3 Bf5 26.
Qd2 g6 27. Qd5 Qxd5 28. Rxd5 Kf8 29. g4 hxg4 30. hxg4 Be6 31. Rd4 f5 32.
gxf5 gxf5 33. f3 exf3 34. Bxf3 c6 35. Kf2 Ke7 36. e4 fxe4 37. Rxe4 Kf6 38.
Ke3 Rh8 39. Rf4+ Ke7 40. Re4 Kd7 41. Rf4 Rh3 42. a4 Bd5 43. b5 axb5 44. axb5
cxb5 45. Rf6 Rxf3+ 46. Rxf3 Bxf3 47. Kxf3 Kc6 48. Ke4 Kxc5 49. Kd3 Kb4 50.
Kc2 Kc4 51. Kb2 b4 52. Kc2 b3+ 53. Kc1 Kc3 54. Kd1 b2 {White resigns} 0-1

[Event "ICCopen2016"]
[Site "Internet Chess Club"]
[Date "2016.06.03"]
[Round "6"]
[White "hipopotamos"]
[Black "Oblique"]
[Result "0-1"]
[ICCResult "White forfeits on time"]
[WhiteElo "1057"]
[BlackElo "1691"]
[Opening "Scandinavian: Pytel-Wade variation"]
[ECO "B01"]
[NIC "SD.02"]
[Time "19:56:27"]
[TimeControl "180+0"]

1. e4 d5 2. exd5 Qxd5 3. Nc3 Qd6 4. Nf3 Nf6 5. Bc4 Bg4 6. h3 Bh5 7. Qe2 e6
8. d3 a6 9. Bg5 Nbd7 10. O-O Be7 11. a3 O-O 12. Bxf6 Bxf6 13. Ne4 Qe7 14.
Qe3 Bxf3 15. Qxf3 Ne5 16. Qe3 Nxc4 17. dxc4 Bxb2 18. Rab1 Bxa3 19. Rxb7 Rfb8
20. Rxb8+ Rxb8 21. c5 Bb2 22. Rb1 Rb4 23. Qe1 a5 24. Qd2 Bc3 25. Nxc3 Rxb1+
26. Nxb1 h6 27. Qxa5 Kh7 28. Qb5 Qd8 29. Qa5 Qd1+ 30. Kh2 Qxb1 31. g4 Qxc2
{White forfeits on time}
0-1

[Event "ICCopen2016"]
[Site "Internet Chess Club"]
[Date "2016.06.03"]
[Round "6"]
[White "Chapo2"]
[Black "Rumpel"]
[Result "0-1"]
[ICCResult "White resigns"]
[WhiteElo "2006"]
[BlackElo "2623"]
[Opening "King's pawn opening"]
[ECO "B07"]
[NIC "VO.17"]
[Time "19:56:19"]
[TimeControl "180+0"]

1. e4 d6 2. Nf3 Nf6 3. Nc3 e5 4. h3 Be7 5. Bc4 O-O 6. d4 Nbd7 7. dxe5 Nxe5
8. Nxe5 dxe5 9. Qxd8 Rxd8 10. Bg5 c6 11. Bxf6 Bxf6 12. Rd1 Rxd1+ 13. Kxd1
Bd7 14. Ke2 Rd8 15. Rd1 Bc8 16. Rxd8+ Bxd8 17. a4 Kf8 18. g4 Ba5 19. Nd1 Ke7
20. c3 g6 21. b4 Bc7 22. Nb2 h5 23. f3 h4 24. Nd3 Bd6 25. b5 Bd7 26. bxc6
Bxc6 27. Bb5 Bxb5 28. axb5 a6 29. bxa6 bxa6 30. c4 Kd7 31. c5 Bc7 32. Kd2
Kc6 33. Kc3 Kb5 34. Kb3 f6 35. Kc3 g5 36. Kb3 Bd8 37. Kc3 Be7 38. Nb2 Bxc5
39. Nc4 Bb4+ 40. Kb3 a5 41. Ne3 a4+ 42. Kb2 Bd6 43. Nd5 Kc4 44. Nxf6 Kd4 45.
Ne8 Be7 46. Nc7 Ke3 47. Nd5+ Kxf3 48. Nxe7 Kxe4 49. Ka3 Kf3 50. Nc6 e4 51.
Kxa4 e3 52. Nd4+ Kf2 53. Kb3 e2 54. Nxe2 Kxe2 55. Kc4 Kf3 56. Kd5 Kg3 57.
Ke5 Kxh3 58. Kf5 Kg3 59. Kxg5 h3 60. Kf5 h2 61. g5 h1=Q 62. Kf6 Qd5 63. g6
Qg8 {White resigns} 0-1